 Dungeon Crawl Stone Soup version 0.27.1-35-g4d5d836560 (webtiles) character file.

Game seed: 4017516567909512413

62 Delamore the Sneak (level 4, 0/29 HPs)
             Began as an Octopode Brigand on May 16, 2022.
             Succumbed to a kobold's poison
             ... on level 3 of the Dungeon.
             The game lasted 00:01:35 (2414 turns).

Delamore the Sneak (Octopode Brigand)               Turns: 2414, Time: 00:01:36

Health: 0/29       AC:  1    Str:  7 (10) XL:     4   Next: 8%
Magic:  4/4        EV: 12    Int: 11 (13) God:
Gold:   89         SH:  3    Dex: 12 (14) Spells: 3/3 levels left

rFire    . . .     SeeInvis .   a - +2 dagger
rCold    . . .     Faith    .   k - +0 buckler
rNeg     . . .     Spirit   .   (helmet restricted)
rPois    .         Reflect  .   (no amulet)
rElec    .         Harm     .   (no ring)
rCorr    .         Rampage  .   (no ring)
Will     .....                  (no ring)
Stlth    ++++......             (no ring)
HPRegen  0.09/turn              (no ring)
MPRegen  0.09/turn              (no ring)
                                (no ring)
                                (no ring)

@: lethally poisoned (0 -> -6), hasted, very quick
A: almost no armour, amphibious, 8 rings, camouflage 1, gelatinous body 1,
(nimble swimmer 1), tentacles
a: no special abilities


You were on level 3 of the Dungeon.
You visited 1 branch of the dungeon, and saw 3 of its levels.

You collected 89 gold pieces.

Inventory:

Hand Weapons
 a - a +2 dagger (weapon)
Missiles
 b - 7 poisoned darts (quivered)
 c - 2 curare-tipped darts
Armour
 k - a +0 buckler (worn)
Scrolls
 d - 2 scrolls of amnesia
 g - a scroll of immolation {unknown}
 h - a scroll of fear {unknown}
 i - a scroll of teleportation {unknown}
Potions
 f - a potion of berserk rage {unknown}
 j - a potion of haste


   Skills:
 - Level 2.0 Fighting
 * Level 3.3 Short Blades
 + Level 2.6 Throwing
 - Level 1.0 Dodging
 + Level 5.9 Stealth
 + Level 0.1 Shields


You had 3 spell levels left.
You didn't know any spells.
Your spell library contained the following spells:

 Spells                   Type           Power      Damage    Failure   Level
 Passage of Golubria      Tloc           N/A        N/A       99%         4
 Silence                  Hex/Air        0%         N/A       100%        5
 Lehudib's Crystal Spear  Conj/Erth      0%         10d2      100%        8


Dungeon Overview and Level Annotations

Branches:
Dungeon (3/15)

Altars:
Ashenzari

Annotations:
D:2 1 runed translucent door, Crazy Yiuf


Innate Abilities, Weirdness & Mutations

You cannot wear most types of armour.
You are amphibious.
You can wear up to eight rings at the same time.
Your skin changes colour to match your surroundings (Stealth+).
Your rubbery body absorbs attacks. (AC +1, EV +1)
((You are camouflaged near water. (Stealth+)))
You have tentacles for arms and can constrict up to eight enemies at once.


Message History

A kobold is nearby!
A rat comes into view.
You see here a +0 chain mail.
You completely miss the kobold. You grab the kobold. You constrict the kobold.
The kobold hits you with a +0 dagger of venom.
You are poisoned.
You hit the kobold but do no damage.
The kobold is moderately wounded.
You constrict the kobold.
You feel very sick.
The kobold hits you with a +0 dagger of venom.
You are lethally poisoned!
You hit the kobold.
You kill the kobold!
You feel very sick.
You feel very sick. The rat bites you.
Things that are here:
a +0 dagger of venom; a kobold corpse You are too injured to fight recklessly!
You are too injured to fight recklessly!
You are too injured to fight recklessly!
You are too injured to fight recklessly!
You barely miss the rat. Your grab misses the rat. Your squeeze misses the rat.
* * * LOW HITPOINT WARNING * * *
You feel very sick. The rat bites you.
* * * LOW HITPOINT WARNING * * *
You hit the rat.
You kill the rat!
* * * LOW HITPOINT WARNING * * *
You feel sick.
It was a potion of haste.
You feel yourself speed up.
* * * LOW HITPOINT WARNING * * *
You feel sick.
A jackal comes into view.
It was a potion of degeneration.
There was something very wrong with that liquid.
You feel weakened.
You feel dopey.
You feel clumsy.
You die...

......h.. ........
##...... ##...... #......#
#.....# #.†..# ##.@..#
##...### ##..#[#
##########
#..##.######.........
#...##................
#.#.##+######.........
#........# #.........
#####...)....####.†.......
#.........................


You could see a jackal (wandering).

Vanquished Creatures
  An adder (D:2)
  A worm (D:2)
  2 dart slugs (D:1)
  A ball python (D:1)
  3 endoplasms (D:1)
  3 giant cockroaches
  2 goblins
  3 hobgoblins (D:3)
  4 jackals (D:1)
  4 quokkas
  5 bats
  3 frilled lizards
  3 kobolds
  10 rats
45 creatures vanquished.

Notes
Turn   | Place    | Note
-------+----------+-------------------------------------------
     0 | D:1      | Delamore the Octopode Brigand began the quest for the Orb.
     0 | D:1      | Reached XP level 1. HP: 14/14 MP: 1/1
   201 | D:1      | Reached XP level 2. HP: 13/19 MP: 2/2
   819 | D:1      | Reached XP level 3. HP: 20/24 MP: 3/3
  1268 | D:2      | Found a broken altar of Ashenzari.
  1787 | D:2      | Found a runed translucent door.
  1788 | D:2      | Noticed Crazy Yiuf
  2362 | D:3      | Reached XP level 4. HP: 29/29 MP: 4/4
  2413 | D:3      | HP: 1/29 [poisoned by a kobold]
  2414 | D:3      | Succumbed to a kobold's poison

Illustrated notes

Levels and vault maps discovered:
D:1:      onia_arrival_mini_maze, layout_basic
D:2:      layout_loops_ring, basic_altar, uniq_crazy_yiuf_cottage
D:3:      minmay_inner_zag, layout_basic,
          hellmonk_ecumenical_altar_pennies_from_heaven

Skill      XL: |  1  2  3 |
---------------+----------+-----
Short Blades   | 3 |  3.3
Fighting       | |  2.0
Throwing       | |  2.6
Dodging        | |  1.0
Stealth        | |  5.9
Shields        | |  0.1

Action                   |  1- 3 |  4- 6 || total
-------------------------+-------+-------++-------
Melee: Dagger            |    71 |     7 ||    78
       Tentacles         |     7 |     2 ||     9
       Constrict         |    13 |     3 ||    16
Throw: Dart              |     3 |       ||     3
  Use: Scroll            |     1 |       ||     1
       Potion            |       |     2 ||     2
 Stab: Sleeping          |    16 |       ||    16
Armor: Skin              |     6 |       ||     6
Dodge: Dodged            |    23 |       ||    23
